← All builds
Tech / Armada / Economy first / OBSERVED BUILD

Standard tech

Armada Tech (Eco) build order · Supreme Isthmus

Rushes T2 by 4:15, gets Advanced Metal Extractor around 5:28, hands off T2 constructors to Geo and the team, then scales eco and supplies the team's T2 needs through the rest of the game.

Usually first T2 con to Geo (83%)

#eco #t2 #team support · 1579 distinct matches · 255 players · 58% of Armada Tech games · team won 53% of 1874 · Recently observed

HOW TO PLAY IT

Key timing: T2 factory by 4:15

  1. Open 3 mex and heavy wind to fund a fast T2 rush.
  2. Put down Bot Lab, planning to eat it for reclaim soon after.
  3. Get Advanced Bot Lab up, hitting the T2 factory rush timing.
  4. Upgrade mex to Advanced Metal Extractor to lock in team metal income.
  5. Eat Advanced Bot Lab and keep sending cons to Geo and Pond.

Phase by phase

TYPICAL OF ITS 1579 GAMES
  1. 1
  2. 2
  3. 3
  4. 4
PLAY THE OPENING

Follow the example game's first 6:00 step by step: what to build now, what comes next, and where it goes. At 1× it keeps pace with your own game.

  1. 1

    Up to the Bot Lab

    Economy
    • Metal Extractor3Mex
    • Wind Turbine4Wind
    Order
    1. Bot LabBot Lab after 3 mex, 4 winddone ~1:18, middle half 1:13–1:32

    Some games also: energy storage (31%)

    By 1:01 in all: 3 mex · 4 wind

    The example game in this phase · 7 steps
    1. Mex ×2
    2. Wind ×2
    3. Mex
    4. Wind
    5. Energy storage
    6. Wind
    7. Bot LabBot Labdone 1:30 · typical 1:18
  2. 2

    Bot Lab to Advanced Bot Lab

    Economy
    • Metal Extractor1Mex
    • Wind Turbine8Wind
    • Energy Storage1Energy storage
    Order
    1. Advanced Bot LabAdvanced Bot Lab after 4 mex, 12 wind, 3 con turretdone ~4:16, middle half 4:04–4:30
    Builders
    • Construction Turret3 Con turret
    • Lazarus3 Lazarus
    • Construction Bot2 Con bot
    • Construction Bot1 Con bot for allies

    Some games also: converter (36%)

    By 3:18 in all: 4 mex · 12 wind · 1 energy storage · 3 con turret

    The example game in this phase · 23 steps
    1. Wind
    2. LazarusLazarus
    3. Wind ×3
    4. Construction BotCon bot
    5. Con turret ×2
    6. Construction BotCon botfor Air
    7. Wind
    8. Construction BotCon bot
    9. Wind
    10. Mex
    11. Wind ×3
    12. LazarusLazarus
    13. Wind
    14. LazarusLazarus
    15. Wind
    16. Converter
    17. LazarusLazarus
    18. Wind
    19. Converter
    20. Energy storage
    21. LazarusLazarus
    22. Converter ×4
    23. Advanced Bot LabAdvanced Bot Labdone 4:33 · typical 4:16
  3. 3

    Advanced Bot Lab to 5:00

    Economy
    • Wind Turbine3Wind
    Order
    1. Bot LabEat Bot Lab
    Builders
    • Advanced Construction Bot1 T2 con bot for allies

    Some games also: converter (35%)

    By 5:00 in all: 4 mex · 15 wind · 1 converter · 1 energy storage · 3 con turret

    The example game in this phase · 2 steps
    1. Bot LabEat Bot Labreclaimed for its metal
    2. GunslingerGunslingerfor Ponddone 5:05
  4. 4

    5:00 to 10:00

    Economy
    • Wind Turbine43Wind
    • Energy Converter6Converter
    Builders
    • Butler9 Butler
    • Advanced Construction Bot4 T2 con bot for allies
    • Advanced Construction Bot1 T2 con bot

    Some games also: con turret (43%) · Butler for allies (36%)

    By 10:00 in all: 4 mex · 58 wind · 8 converter · 1 energy storage · 3 con turret

    The example game in this phase · 132 steps
    1. Advanced Construction BotT2 con botfor Air
    2. Advanced Metal ExtractorT2 mex ×3done 6:03 · typical 5:29
    3. Advanced Construction BotT2 con botfor Geo sea
    4. Wind
    5. ButlerButler
    6. Wind
    7. ButlerButlerfor Geo
    8. Wind
    9. Advanced Metal ExtractorT2 mex
    10. ButlerButler
    11. Wind
    12. ButlerButler
    13. Wind
    14. ButlerButler
    15. Wind ×2
    16. ButlerButlerfor Geo
    17. Con turret
    18. Wind
    19. ButlerButler
    20. Wind ×2
    21. ButlerButler
    22. Wind
    23. Converter
    24. Wind
    25. HoundHoundfor Pond
    26. Wind
    27. Converter
    28. Wind ×4
    29. HoundHoundfor Pond
    30. Wind ×2
    31. Converter
    32. Wind ×5
    33. HoundHoundfor Pond
    34. Wind ×4
    35. Converter
    36. Wind ×3
    37. HoundHoundfor Pond
    38. Wind ×2
    39. Converter
    40. Wind ×5
    41. HoundHoundfor Pond
    42. Converter
    43. Wind ×6
    44. CompassRadar botfor Pond
    45. Wind ×3
    46. Converter
    47. Wind
    48. HoundHound
    49. Wind ×2
    50. Converter
    51. Wind
    52. SmugglerJammer botfor Pond
    53. Wind ×4
    54. HoundHoundfor Pond
    55. Wind ×2
    56. Converter
    57. Wind ×7
    58. HoundHoundfor Pond
    59. Wind ×2
    60. Converter
    61. Wind ×7
    62. ButlerButler
    63. Wind ×3
    64. Con turret
    65. Wind ×3
    66. ButlerButler
    67. Wind ×8
    68. ButlerButler
    69. Wind ×6
    70. ButlerButlerfor Pond
    71. Wind ×6
    72. ButlerButler
    73. Wind ×4
    74. Advanced Construction BotT2 con botfor Pond
    75. Wind ×7
    76. Converter
    77. ButlerButlerfor Beach sea
    78. Wind ×5
    79. ButlerButlerfor Beach sea
    80. Wind ×2
    81. Converter
    82. Wind ×2
    83. ButlerButler
    84. Wind ×3
    85. Converter
    86. Wind
    87. ButlerButler
    88. Wind ×2
    89. Advanced Construction BotT2 con botfor Beach sea
    90. Wind ×3
    91. Converter
    92. Wind ×3
    93. ButlerButler
    94. Wind ×2
    95. Converter
    96. Wind ×2
    97. ButlerButler
    98. Wind ×2
    99. Converter
    100. Wind ×6
    101. Converter
    102. Wind ×6
    103. Converter
    104. Wind ×3
    105. PlatypusPlatypus
    106. Wind ×3
    107. UmbrellaAnti-nukedone 12:35
    108. Wind ×3
    109. Converter
    110. Wind ×5
    111. Converter
    112. Wind ×6
    113. Converter
    114. Wind ×6
    115. Converter
    116. Wind ×5
    117. Converter
    118. Wind ×4
    119. Converter
    120. Wind ×6
    121. Converter
    122. Wind ×5
    123. Converter
    124. Wind ×6
    125. Converter
    126. Wind ×3
    127. HoundHound
    128. Wind ×2
    129. Converter
    130. Wind ×4
    131. Converter
    132. Wind ×5

Counts are medians over the build's games: half of them build more, half fewer. The example game is isbedabrick's (32 OS, 25/08/2026); pick another.

Team trades

IN AT LEAST 30% OF ITS GAMES

You hand over

  • Construction Bot1 Con bot to Airfirst at 2:23 · in 84% of games
  • Advanced Construction Bot5 T2 con bot to Air or Geo sea or Pondfirst at 4:50 · in 99% of games
  • Butler2 Butler to Geo sea or Beach sea or Pondfirst at 9:07 · in 42% of games

You get

  • Hercules1 Light transport from Airfirst at 4:01 · in 86% of games

How it plays out

Typical game of this build, running totals by minute

Metal produced

020k40k
0:005:0010:0015:00

metal

Enemy metal destroyed

050100
0:005:0010:0015:00

metal

Own metal lost

050100150
0:005:0010:0015:00

metal

1874 games.

Show as table
ByMetal produced: This buildEnemy metal destroyed: This buildOwn metal lost: This build
1:0038300
2:0091500
3:00165100
4:00314400
5:00484700
6:00580000
7:00722700
8:00906100
9:001117300
10:001350300
11:001624200
12:001965600
13:002344500
14:0027362073
15:003154285130
WHAT THE NUMBERS SAY

Standard Tech play barely fights at all early, instead pouring metal into T2 infrastructure and constructors for the team.

  • + Metal produced hits 31679 by 15:00, by far the highest of any role here.
  • + T2 factory reached in 97% of games by 4:15, fastest and most reliable T2 timing.
  • − Enemy metal destroyed stays at 0 through 10:00, no early offense at all.
  • − Own metal lost also near 0, showing total avoidance of combat risk.
THE EXAMPLE YOU ARE READING

isbedabrick

32.1 OS · 25/08/2026

Open source match ↗

5 received units
2547 metal received · 110467 energy received

Allied construction assistance is unknown. Timings are observations, not a promise of solo reproducibility.

Typical milestones

Bot Lab1:18Middle 50%: 1:13–1:32 · n=1874
Advanced Bot Lab4:16Middle 50%: 4:04–4:30 · n=1867
Advanced Metal Extractor5:29Middle 50%: 5:05–5:59 · n=1870

Played most by

Amrissa93games of this buildTheGeneraI66games of this buildAdeus57games of this buildEl_Turco56games of this buildKOT_43games of this build
Standard tech · Armada Tech (Eco) build order · BAR Build Atlas